 Dungeon Crawl Stone Soup version 0.23.0-3-gf3c87f2 (webtiles) character file.

Game seed: 1058722594639508273

1347 xccam the Changer (level 8, 0/62 HPs)
             Began as a Yellow Draconian Transmuter on Feb 21, 2019.
             Slain by an orc warrior
             ... wielding a +0 hand axe
              (13 damage)
             ... on level 5 of the Dungeon.
             The game lasted 00:09:35 (4064 turns).

xccam the Changer (Yellow Draconian Transmuter)     Turns: 4064, Time: 00:09:36

Health: 0/62       AC:  7    Str: 14    XL:     8   Next: 36%
Magic:  4/11       EV: 13    Int: 13    God:
Gold:   198        SH:  0    Dex: 18    Spells: 8/11 levels left

rFire    . . .     SeeInvis .     - Unarmed
rCold    . . .     Gourm    .   (no shield)
rNeg     . . .     Faith    .   (armour unavailable)
rPois    .         Spirit   .   (helmet restricted)
rElec    .         Reflect  .   r - +0 cloak
rCorr    .         Harm     .   (no gloves)
MR       .....                  (boots currently unavailable)
Stlth    ++........             (no amulet)
HPRegen  0.20/turn              b - +5 ring of dexterity
MPRegen  0.12/turn              (no ring)

@: appendage
A: spit acid, unfitting armour, talons 3, cold-blooded, AC +6
a: Breathe Acid, End Transformation


You were on level 5 of the Dungeon.
You were not hungry.
You had grown temporary talons.
You visited 1 branch of the dungeon, and saw 5 of its levels.

You collected 198 gold pieces.

Inventory:

Missiles
 a - 101 arrows
Armour
 r - a +0 cloak (worn)
Jewellery
 b - a +5 ring of dexterity (left hand)
 n - a +6 ring of intelligence {unknown}
Wands
 e - a wand of polymorph (10)
 p - a wand of flame (21)
Scrolls
 f - 2 scrolls of remove curse
 j - a scroll of magic mapping {unknown}
 m - a scroll of enchant armour
 o - 2 scrolls of enchant weapon {unknown}
 q - a scroll of blinking {unknown}
Potions
 d - 2 potions of curing
 g - a potion of mutation
 i - 2 potions of haste
 k - a potion of agility
 l - a potion of lignification
Comestibles
 c - 4 rations
 h - 3 chunks of flesh


   Skills:
 + Level 2.9 Fighting
 + Level 2.9 Dodging
 + Level 6.5 Unarmed Combat
 - Level 2.0 Spellcasting
 - Level 7.8 Transmutations


You had 8 spell levels left.
You knew the following spells:

 Your Spells              Type           Power        Failure   Level  Hunger
a - Beastly Appendage     Tmut           ###...       1%          1    ##.....
b - Sticks to Snakes      Tmut           ###.....     1%          2    ###....

Your spell library contained the following spells:

 Spells                   Type           Power        Failure   Level  Hunger
 Spider Form              Tmut/Pois      ##........   16%         3    ####...
 Blade Hands              Tmut           ###.......   28%         5    ######.
 Ice Form                 Ice/Tmut       ##......     45%         4    #####..


Dungeon Overview and Level Annotations

Branches:
Dungeon (5/15)
 Temple: D:4-7

Altars:
Cheibriados
Nemelex Xobeh
Ru
Trog

Shops:
D:5 !

Annotations:
D:5 2 transporters, p0werm0de's ghost, novice DsWn


Innate Abilities, Weirdness & Mutations

You can spit globs of acid.
Your golden yellow scales are hard. (AC +6)
You cannot fit into any form of body armour.
You are cold-blooded and may be slowed by cold attacks.
You have claws for feet.


Message History

The orc warrior is moderately wounded.
The orc warrior hits you with a +0 hand axe.
You hit the orc warrior.
The orc warrior is heavily wounded.
The orc warrior misses you.
You hit the orc warrior but do no damage.
The orc warrior is heavily wounded.
The crimson imp blinks!
You hit the orc warrior but do no damage.
Your kick misses the orc warrior.
You tail-slap the orc warrior, but do no damage.
The orc warrior is heavily wounded.
The orc warrior hits you with a +0 hand axe!!
* * * LOW HITPOINT WARNING * * *
You feel better.
The orc warrior hits you with a +0 hand axe!
* * * LOW HITPOINT WARNING * * *
You feel better.
The orc warrior hits you with a +0 hand axe!
You die...

# #...# #.# #..##...# # #.#.#
#.# #.. ..©.. # ###.#.# #.# #
#.....########.#
#####.....)).......#
...#......)######### #####
##........## #....
#.∩.#....######## #)###
#...#.....w..so@# #.#
#.#....#.######.############.###
#.###..#.# #...$.(...........##.
... #.....$...#.#####....o<..(o(
#### #..##.##..#.# #.#.........
#... .##. #.#####.#.###..##.
#...#.##. #.##....).<##..##. #.
.## #.##.......##..##.
..##.......#...##.


You could see an orc warrior, a worm and a giant cockroach.

Vanquished Creatures
  Pikel (D:4)
  Sigmund (D:2)
  An ice beast (D:5)
  A scorpion (D:4)
  A howler monkey (D:5)
  An orc priest (D:5)
  A hound (D:5)
  2 iguanas (D:4)
  Jessica (D:3)
  Natasha (thrice) (D:3)
  3 orc wizards
  A worker ant (D:4)
  Robin (D:3)
  4 gnolls
  7 adders
  A worm (D:2)
  4 dart slugs
  3 leopard geckos
  12 orcs
  5 giant cockroaches
  13 goblins
  7 hobgoblins
  22 jackals
  3 quokkas
  8 bats
  5 frilled lizards
  7 kobolds
  8 rats
127 creatures vanquished.

Vanquished Creatures (collateral kills)
  3 gnolls (D:3)
  2 goblins (D:3)
5 creatures vanquished.

Vanquished Creatures (others)
  A gnoll (D:4)
1 creature vanquished.

Grand Total: 133 creatures vanquished

Notes
Turn   | Place    | Note
-------+----------+-------------------------------------------
     0 | D:1      | xccam the Draconian Transmuter began the quest for the Orb.
     0 | D:1      | Reached XP level 1. HP: 16/16 MP: 3/3
   181 | D:1      | Reached XP level 2. HP: 22/23 MP: 5/5
   391 | D:1      | Reached XP level 3. HP: 21/28 MP: 6/6
   398 | D:1      | Learned a level 2 spell: Sticks to Snakes
   695 | D:2      | Noticed Sigmund
   729 | D:2      | HP: 1/42 [something/magic dart (7)]
   732 | D:2      | Killed Sigmund
   732 | D:2      | Reached skill level 5 in Unarmed Combat
   732 | D:2      | Reached skill level 3 in Transmutations
   732 | D:2      | Reached XP level 4. HP: 2/35 MP: 4/7
   732 | D:2      | Reached XP level 5. HP: 3/40 MP: 4/8
  1138 | D:2      | You fall through a shaft for 2 floors!
  1185 | D:4      | Reached skill level 4 in Transmutations
  1679 | D:2      | Reached XP level 6. HP: 45/47 MP: 9/9
  1971 | D:3      | Noticed Jessica
  1975 | D:3      | Killed Jessica
  2051 | D:3      | Noticed Natasha
  2072 | D:3      | Killed Natasha
  2208 | D:3      | Noticed Natasha
  2215 | D:3      | Killed Natasha
  2265 | D:3      | Found a sparkling altar of Nemelex Xobeh.
  2265 | D:3      | Noticed Natasha
  2286 | D:3      | Killed Natasha
  2312 | D:3      | Found a snail-covered altar of Cheibriados.
  2425 | D:3      | Reached skill level 5 in Transmutations
  2482 | D:3      | Found a bloodstained altar of Trog.
  2614 | D:3      | Noticed Robin
  2654 | D:3      | Killed Robin
  3068 | D:4      | Your scales start taking on a golden yellow colour.
  3068 | D:4      | Reached XP level 7. HP: 44/52 MP: 10/10
  3077 | D:4      | Noticed Pikel
  3098 | D:4      | Killed Pikel
  3098 | D:4      | Reached skill level 7 in Transmutations
  3423 | D:4      | Found a sacrificial altar of Ru.
  3437 | D:4      | Reached XP level 8. HP: 51/59 MP: 11/11
  3567 | D:5      | Entered Level 5 of the Dungeon
  3897 | D:5      | Found a transporter.
  3897 | D:5      | Noticed p0werm0de's ghost (novice DsWn)
  3897 | D:5      | Identified the cursed +1 great mace of Youthful
                  | Indiscretion {freeze, Str+2 Int+8}
  3898 | D:5      | Found a transporter.
  3997 | D:5      | Found Jouqif's Distillery.
  4064 | D:5      | Slain by an orc warrior

Skill      XL: |  1  2  3  4  5  6  7  8 |
---------------+-------------------------+-----
Unarmed Combat | 4 5 6 |  6.5
Transmutations | 3 4 5 7 |  7.8
Dodging        | 2 |  2.9
Fighting       | 2 |  2.9
Spellcasting   | |  2.0

Action                   |  1- 3 |  4- 6 |  7- 9 || total
-------------------------+-------+-------+-------++-------
Melee: Unarmed           |   135 |   200 |   106 ||   441
       Tailslap          |    15 |    28 |    18 ||    61
       Punch             |     2 |     5 |     2 ||     9
       Kick              |       |     8 |     6 ||    14
       Headbutt          |       |    10 |     6 ||    16
 Cast: Beastly Appendage |     2 |     8 |     5 ||    15
       Sticks to Snakes  |     1 |     8 |     6 ||    15
 Abil: Breathe Acid      |       |       |     2 ||     2
Evoke: Wand              |       |       |     1 ||     1
  Use: Potion            |     2 |       |     4 ||     6
       Scroll            |       |     6 |       ||     6
 Stab: Sleeping          |     2 |     1 |       ||     3
  Eat: Chunk             |       |     8 |     4 ||    12
Armor: Skin              |    31 |    62 |    22 ||   115
Dodge: Dodged            |    74 |   103 |    52 ||   229
